 Dungeon Crawl Stone Soup version 0.19.5 (webtiles) character file.

78117 Gargoyl the Protected (level 15, -2/128 HPs)
             Began as a Ghoul Abyssal Knight on May 20, 2017.
             Was the Champion of Lugonu.
             Killed from afar by Roxanne (42 damage)
             ... with an orb of energy
             ... on level 1 of the Snake Pit.
             The game lasted 01:12:36 (23425 turns).

Gargoyl the Protected (Ghoul Abyssal Knight)       Turns: 23425, Time: 01:12:36

Health: -2/128     AC: 36    Str: 21    XL:     15   Next: 59%
Magic:  20/23      EV:  9    Int: 10    God:    Lugonu [******]
Gold:   2101       SH: 11    Dex: 13    Spells: 0 memorised, 14 levels left

rFire  + . .     SeeInvis .     v - +4 hand axe (elec)
rCold  + . .     Gourm    .     f - +8 chain mail {rF+}
rNeg   + + +     Faith    .     O - +0 shield
rPois  ∞         Spirit   .     K - +2 helmet {Int+3}
rElec  .         Reflect  .     g - +2 cloak
rCorr  .         Harm     .     e - +0 pair of gloves
MR     +....                    h - +0 pair of boots
Stlth  ..........               i - amulet "Unouteuf" {+Inv Regen+}
                                o - +3 ring of dexterity
                                k - +5 ring of protection

@: rotting
A: rotting body, claws 1, carnivore 3, cold resistance 1, negative energy
resistance 3, slow regeneration 1, torment resistance, unbreathing
a: Depart the Abyss, Bend Space, Banish, Corrupt, Enter the Abyss, Brand Weapon
With Distortion, Renounce Religion, Evoke Invisibility


You were on level 1 of the Snake Pit.
You worshipped Lugonu.
Lugonu was exalted by your worship.
You were not hungry.

You visited 4 branches of the dungeon, and saw 21 of its levels.
You visited the Abyss 1 time.
You also visited: Labyrinth, Sewer, Bailey and Ice Cave.

You collected 2725 gold pieces.
You spent 624 gold pieces at shops.

Inventory:

Hand Weapons
 a - a +2 hand axe
 j - a +0 war axe
 q - a +2 spear of flaming
 v - a +4 hand axe of electrocution (weapon)
Missiles
 H - 41 tomahawks of returning (quivered)
Armour
 e - a +0 pair of gloves (worn)
 f - a +8 chain mail of fire resistance (worn)
 g - a +2 cloak (worn)
 h - a +0 pair of boots (worn)
 K - a +2 helmet of intelligence (worn)
 O - a +0 shield (worn)
 V - the +5 ice dragon scales of Vaav {rF- rC++ Str+4}
   (You found it in an ice cave)

   It affects your strength (+4).
   It makes you vulnerable to fire.
   It greatly protects you from cold.
Jewellery
 i - the amulet "Unouteuf" (around neck) {+Inv Regen+}
   (You found it on level 4 of the Dungeon)

   [amulet of regeneration]

   It lets you turn invisible.
   It increases your rate of regeneration.
 k - a +5 ring of protection (left hand)
 o - a +3 ring of dexterity (right hand)
 y - an uncursed ring of resist corrosion
 A - an uncursed ring of protection from cold
 F - an uncursed ring of protection from cold
 Q - an uncursed ring of fire
Wands
 t - a wand of flame (6/48)
 w - a wand of acid (6/15)
 x - a wand of lightning (11/15)
 z - a wand of lightning (15/15)
Scrolls
 p - 5 scrolls of teleportation
 s - 2 scrolls of blinking
 C - 3 scrolls of identify
 D - a scroll of fear
 E - a scroll of recharging
 P - 6 scrolls of remove curse
 Z - 3 scrolls of magic mapping
Potions
 b - 2 potions of haste
 l - 5 potions of magic
 n - 5 potions of brilliance
 u - a potion of curing
 B - 2 potions of might
 G - a potion of cancellation
 L - a potion of ambrosia
 M - a potion of heal wounds
 N - 3 potions of flight
 W - a potion of invisibility
Books
 d - a book of Alchemy

   Spells                             Type                      Level
   a - Sublimation of Blood           Necromancy                   2
   b - Ignite Poison                  Fire/Transmutation/Poison    3
   c - Petrify                        Transmutation/Earth          4
   d - Alistair's Intoxication        Transmutation/Poison         5
   e - Irradiate                      Conjuration/Transmutation    5
Comestibles
 c - 11 meat rations
 m - 13 slices of pizza
 r - 7 beef jerkies
 I - 6 chunks of flesh
 J - 2 royal jellies


   Skills:
 + Level 10.4 Fighting
 + Level 12.8 Axes
 + Level 0.1 Throwing
 * Level 13.5 Armour
 + Level 5.1 Dodging
 + Level 8.3 Shields
 * Level 13.0 Invocations


You had 14 spell levels left.
You didn't know any spells.

Dungeon Overview and Level Annotations

Branches:
Dungeon (12/15)            Temple (0/1) D:4            Lair (6/6) D:9
  Swamp (0/4) Lair:2        Snake (1/4) Lair:4        Slime (0/5) Lair:5
    Orc (2/2) D:12            Elf (0/3) Orc:2

Altars:
Cheibriados
Elyvilon
Fedhas
Makhleb
Nemelex Xobeh
Qazlal
Ru
Zin
The Shining One
Beogh
Jiyva

Shops:
D:4 !   Orc:2 [(:*

Annotations:
Lair:2 exclusion: oklob plant
Snake:1 exclusion: Roxanne, Roxanne
Abyss:1 Saint Roka


Innate Abilities, Weirdness & Mutations

Your body is rotting away.
You thrive on raw meat.
You are immune to poison.
You have sharp fingernails.
You are carnivorous and can eat meat at any time.
Your flesh is cold resistant. (rC+)
You are immune to negative energy. (rN+++)
You regenerate slowly when monsters are visible.
You are immune to unholy pain and torment.
You can survive without breathing.


Message History

You completely miss Roxanne.
Roxanne is moderately damaged.
Roxanne mumbles some strange words.
The crystal spear hits you!
You hear a shout!
You hit Roxanne but do no damage.
Roxanne is moderately damaged.
You hit Roxanne but do no damage.
Roxanne is moderately damaged.
Press: ? - help, Shift-Dir - straight line, f - Roxanne
Aim: Roxanne (moderately damaged, magic immune) Roxanne is unaffected.
You feel somewhat more hungry.
A naga warrior comes into view. It is wielding a long sword.
Roxanne mumbles some strange words.
You blink.
Roxanne mumbles some strange words.
The iron shot hits you!
Roxanne casts a spell.
The orb of energy hits you!
You die...

#....#......##..÷.#...# #..#
#....#.######....##...## ####
##...÷).....#.....#.....#
#....^#.....#....####...#
##.....#.....#....###....# .
#......#.....##.####..8.##..
####...#...............N.....
#####................#....
#.........@.......#.....
#.............##.## ##..
####.###.####.#.... #
........$ ###......
#..##........ ...... #..
#........# ..(.. #.
#......### ..). .. #......#


You could see Roxanne and a naga warrior.

Vanquished Creatures
  An orc warlord (Orc:2)
  A dire elephant (Lair:6)
  A minotaur (Lab)
  A catoblepas (Lair:6)
  A centaur warrior (D:12)
  An anaconda (Snake:1)
  3 death yaks (Lair:4)
  An orc high priest (Orc:1)
  Nergalle (Orc:2)
  An unseen horror (D:12)
  7 hill giants
  A naga ritualist (Snake:1)
  A mana viper (Snake:1)
  6 orc knights
  A cyclops (D:9)
  2 deep elf magi (D:12)
  4 orc sorcerers
  4 ugly things
  An elephant (Lair:6)
  A salamander (Snake:1)
  4 manticores
  3 ice statues (IceCv)
  10 black mambas
  2 torpor snails
  3 centaur zombies
  A guardian serpent (Snake:1)
  Joseph (D:9)
  A gargoyle (D:10)
  2 naga magi (Snake:1)
  19 spiny frogs
  The ghost of siprus the Distorting Demonspawn, a novice DsAK of Lugonu (D:3)
  10 rime drakes
  2 ice devils (Lair:6)
  10 komodo dragons
  6 trolls
  4 polar bears
  A two-headed ogre (D:11)
  7 hornets
  7 hippogriffs
  2 wind drakes (Lair:6)
  A dream sheep (Lair:6)
  20 yaks
  A water elemental (D:12)
  2 wraiths (D:12)
  Eustachio (D:6)
  A human (D:10)
  2 basilisks
  3 hogs (D:10)
  Grum (D:9)
  2 nagas (Snake:1)
  27 wargs
  4 swamp worms (Lair:2)
  7 water moccasins
  Menkaure (D:6)
  13 porcupines
  60 orc warriors
  7 ice beasts
  2 black bears (Lair:1)
  An eye of draining (D:10)
  3 sky beasts
  3 necrophages
  A phantom (D:8)
  5 wolves
  9 ogres
  7 centaurs
  9 crocodiles
  A big kobold (D:10)
  15 bullfrogs
  A water moccasin zombie (D:3)
  2 scorpions
  2 water moccasin skeletons
  8 killer bees
  7 electric eels
  5 howler monkeys
  5 crimson imps
  A quasit (D:9)
  32 orc priests
  A bullfrog zombie (D:7)
  2 hounds
  2 jellies (D:11)
  2 bullfrog skeletons
  2 centaur skeletons
  41 orc wizards
  5 iguanas
  Terence (D:2)
  3 worker ants
  4 hell rats (Lair:6)
  A hound skeleton (D:7)
  2 hound zombies
  Robin (D:2)
  2 gnolls (Bailey)
  16 adders
  2 howler monkey skeletons
  4 river rats
  3 shadow imps
  2 oozes
  2 adder zombies
  An adder skeleton (D:3)
  3 worms (D:2)
  5 dart slugs
  8 leopard geckos
  159 orcs
  7 giant cockroaches
  13 goblins
  14 hobgoblins
  14 jackals
  7 quokkas
  15 ball pythons
  6 bats
  7 frilled lizards
  A jackal skeleton (D:4)
  19 kobolds
  2 quokka skeletons (D:3)
  A quokka zombie (D:3)
  40 rats
  4 fungi
  A plant (Lair:4)
833 creatures vanquished.

Vanquished Creatures (others)
  The ghost of maxonian the Eclecticist, an adept FoEE of Sif Muna (IceCv)
  A merfolk avatar (Lair:6)
  2 hydras
  The ghost of siprus the Envoy of Void, a journeyman DsAK of Lugonu (IceCv)
  An unseen horror (D:10)
  2 orc knights (Orc:1)
  A yak (Lair:6)
  A swamp worm (Lair:2)
  2 orc warriors
  An electric eel (Lair:2)
  A hobgoblin (D:2)
  A kobold (D:3)
  A rat (D:2)
  4 fungi
  14 plants
34 creatures vanquished.

Grand Total: 867 creatures vanquished

Notes
Turn   | Place    | Note
-------+----------+-------------------------------------------
     0 | Abyss:1  | Gargoyl the Ghoul Abyssal Knight began the quest for the Orb.
     0 | Abyss:1  | Reached XP level 1. HP: 19/19 MP: 1/1
    43 | Abyss:2  | Found a corrupted altar of Lugonu.
    61 | Abyss:2  | Noticed a small abomination
    65 | Abyss:2  | Noticed a tentacled starspawn
    68 | D:1      | Escaped the Abyss
   234 | D:1      | Reached XP level 2. HP: 26/26 MP: 2/2
   429 | D:1      | Reached * piety under Lugonu
   648 | D:1      | Reached XP level 3. HP: 33/33 MP: 3/3
   947 | D:2      | Found a white marble altar of Elyvilon.
  1003 | D:2      | Found a faded altar of an unknown god.
  1053 | D:2      | Noticed Terence
  1081 | D:2      | Killed Terence
  1081 | D:2      | Reached XP level 4. HP: 18/40 MP: 4/4
  1283 | D:2      | Found a stormy altar of Qazlal.
  1412 | D:2      | Reached skill level 1 in Dodging
  1500 | D:2      | Found a snail-covered altar of Cheibriados.
  1701 | D:2      | Found a burning altar of Makhleb.
  1703 | D:2      | Found a glowing silver altar of Zin.
  1703 | D:2      | Noticed an angel
  1704 | D:2      | Noticed a blizzard demon
  1710 | D:2      | Noticed Robin
  1718 | D:2      | Killed Robin
  1722 | D:2      | Reached XP level 5. HP: 40/46 MP: 4/6
  2039 | D:3      | Reached ** piety under Lugonu
  2080 | D:3      | Noticed siprus's ghost (novice DsAK)
  2151 | D:3      | Killed siprus's ghost
  2151 | D:3      | Reached XP level 6. HP: 16/53 MP: 7/7
  2151 | D:3      | Reached XP level 7. HP: 18/60 MP: 8/8
  2442 | D:3      | Found a sparkling altar of Nemelex Xobeh.
  3120 | D:4      | Found Suicsio's Distillery.
  3147 | D:4      | Got an ancient jade amulet
  3372 | D:4      | Found a staircase to the Ecumenical Temple.
  3628 | D:4      | Reached *** piety under Lugonu
  3827 | D:5      | Entered Level 5 of the Dungeon
  3966 | D:5      | Reached skill level 5 in Axes
  3966 | D:5      | Reached XP level 8. HP: 67/67 MP: 10/10
  4016 | D:5      | Found a blossoming altar of Fedhas.
  4335 | D:6      | Found a sacrificial altar of Ru.
  4390 | D:6      | Reached skill level 5 in Invocations
  4510 | D:6      | Found a glowing golden altar of the Shining One.
  4585 | D:6      | Noticed Menkaure
  4589 | D:6      | Noticed Eustachio
  4598 | D:6      | Killed Menkaure
  4599 | D:6      | Found a glowing drain.
  4613 | D:6      | Killed Eustachio
  4613 | D:6      | Reached skill level 5 in Fighting
  4613 | D:6      | Reached skill level 5 in Armour
  4644 | Sewer    | Entered a sewer
  4762 | Sewer    | Reached **** piety under Lugonu
  5348 | D:7      | Reached XP level 9. HP: 47/74 MP: 12/12
  5420 | D:7      | Noticed an orc sorcerer
  5441 | D:7      | Reached ***** piety under Lugonu
  5631 | D:7      | Paralysed by an orc sorcerer for 7 turns
  5650 | D:7      | Noticed a red devil
  5651 | D:7      | Paralysed by an orc sorcerer for 5 turns
  5657 | D:7      | Killed an orc sorcerer
  5808 | D:7      | Found a flagged portal.
  5814 | Bailey   | Entered a bailey
  6074 | Bailey   | Reached XP level 10. HP: 21/83 MP: 13/13
  6224 | Bailey   | Identified the amulet "Unouteuf" {+Inv Regen+} (You found it on level 4 of the Dungeon)
  6870 | D:7      | Noticed an orc knight
  6922 | D:7      | Killed an orc knight
  7047 | D:7      | Reached XP level 11. HP: 35/91 MP: 15/15
  7948 | D:9      | Noticed Joseph
  7972 | D:9      | Killed Joseph
  7995 | D:9      | Got an ebony flail
  7996 | D:9      | Identified the cursed +2 flail "Wyte" {crush, +Blink +Rage Str+4} (You found it on level 9 of the Dungeon)
  8014 | D:9      | Noticed a cyclops
  8071 | D:8      | Reached ****** piety under Lugonu
  8099 | D:9      | Killed a cyclops
  8237 | D:9      | Found a staircase to the Lair.
  8272 | D:9      | Noticed Grum
  8282 | D:9      | Killed Grum
  8381 | D:9      | Reached skill level 1 in Shields
  8662 | Lair:1   | Entered Level 1 of the Lair of Beasts
  8754 | Lair:1   | Found a labyrinth entrance.
  8768 | Lab      | Entered a labyrinth
  9347 | Lab      | Noticed a minotaur
  9367 | Lab      | Killed a minotaur
  9367 | Lab      | Reached skill level 10 in Armour
 10258 | Lair:2   | Reached XP level 12. HP: 68/101 MP: 17/17
 10337 | Lair:2   | Noticed a six-headed hydra
 10338 | Lair:2   | Banished a six-headed hydra
 10383 | Lair:2   | Reached skill level 10 in Axes
 10474 | Lair:2   | Noticed a six-headed hydra
 10479 | Lair:2   | Banished a six-headed hydra
 10649 | Lair:2   | Found a staircase to the Swamp.
 12158 | Lair:4   | Found a staircase to the Snake Pit.
 12551 | Lair:4   | Noticed a death yak
 12551 | Lair:4   | Noticed a death yak
 12589 | Lair:4   | Killed a death yak
 12589 | Lair:4   | Reached XP level 13. HP: 75/108 MP: 19/19
 12607 | Lair:4   | Reached skill level 10 in Invocations
 13910 | Lair:5   | Found a viscous altar of Jiyva.
 13910 | Lair:5   | Found a staircase to the Slime Pits.
 14120 | Lair:6   | Entered Level 6 of the Lair of Beasts
 14145 | Lair:6   | Reached skill level 5 in Shields
 14233 | Lair:6   | Found a frozen archway.
 14268 | IceCv    | Entered an ice cave
 14268 | IceCv    | Noticed siprus's ghost (journeyman DsAK)
 14268 | IceCv    | Noticed maxonian's ghost (adept FoEE)
 14277 | IceCv    | Banished siprus's ghost
 14282 | IceCv    | Banished maxonian's ghost
 14645 | IceCv    | Got topaz-encrusted ice dragon scales
 14709 | Lair:6   | Identified the +5 ice dragon scales of Vaav {rF- rC++ Str+4} (You found it in an ice cave)
 15186 | Lair:6   | Noticed a dire elephant
 15552 | Lair:6   | Reached XP level 14. HP: 107/118 MP: 21/21
 16354 | Lair:6   | Killed a dire elephant
 16678 | D:10     | Entered Level 10 of the Dungeon
 19430 | D:12     | Found a staircase to the Orcish Mines.
 20314 | Orc:1    | Entered Level 1 of the Orcish Mines
 20486 | Orc:2    | Entered Level 2 of the Orcish Mines
 20725 | Orc:1    | Noticed an orc warlord
 20747 | Orc:2    | Reached XP level 15. HP: 91/126 MP: 23/23
 20789 | Orc:2    | Killed an orc warlord
 20844 | Orc:1    | Reached skill level 10 in Fighting
 21243 | Orc:2    | Noticed Nergalle
 21265 | Orc:2    | Killed Nergalle
 21372 | Orc:1    | Reached skill level 5 in Dodging
 21462 | Orc:2    | Noticed Saint Roka
 21464 | Orc:2    | Found a roughly hewn altar of Beogh.
 21802 | Orc:2    | Banished Saint Roka
 22000 | Orc:2    | Found Numot's General Store.
 22002 | Orc:2    | Found Xuliyc's Antique Weapon Shoppe.
 22004 | Orc:2    | Found Zuzerr's Antique Armour Shoppe.
 22084 | Orc:2    | Bought a potion of curing for 45 gold pieces
 22392 | Orc:2    | Found a staircase to the Elven Halls.
 22393 | Orc:2    | Found a roughly hewn altar of Beogh.
 22504 | Orc:2    | Found Saanoare's Book Shoppe.
 22799 | Orc:2    | Bought a transparent chain mail for 275 gold pieces
 22799 | Orc:2    | Bought a shiny helmet for 304 gold pieces
 22820 | Orc:2    | Identified the cursed +1 chain mail of the Comet {*Contam rElec rN+} (You bought it in a shop on level 2 of the Orcish Mines)
 23052 | Snake:1  | Entered Level 1 of the Snake Pit
 23249 | Snake:1  | Noticed Roxanne
 23425 | Snake:1  | Killed from afar by Roxanne

Skill      XL: |  1  2  3  4  5  6  7  8  9 10 11 12 13 14 15 |
---------------+----------------------------------------------+-----
Axes           | 2 4 5 6 7 9 10 11 12 | 12.8
Armour         | 2 3 4 5 7 9 10 11 12 13 | 13.5
Dodging        | 1 2 3 4 5 |  5.1
Fighting       | 4 5 6 7 8 9 10 | 10.4
Invocations    | 3 4 5 6 7 8 9 11 12 13 | 13.0
Shields        | 2 4 6 7 8 |  8.3
Throwing       | |  0.1

Action                   |  1- 3 |  4- 6 |  7- 9 | 10-12 | 13-15 || total
-------------------------+-------+-------+-------+-------+-------++-------
Melee: Hand axe          |   131 |   121 |   282 |   929 |  1716 ||  3179
       War axe           |       |       |   267 |       |       ||   267
Throw: Tomahawk          |       |       |       |       |     3 ||     3
Invok: Depart the Abyss  |     1 |       |       |       |       ||     1
       Bend Space        |       |       |     3 |       |     1 ||     4
       Banish            |       |       |     1 |     8 |    23 ||    32
  Use: Scroll            |     5 |     1 |     8 |    20 |    19 ||    53
       Potion            |       |     7 |     1 |     4 |    12 ||    24
 Stab: Invisible         |       |     3 |       |       |       ||     3
  Eat: Chunk             |    10 |    16 |    51 |   149 |   223 ||   449
Armor: Chain mail        |   129 |    96 |   525 |   670 |   981 ||  2401
Dodge: Dodged            |    48 |    57 |   302 |   293 |   457 ||  1157
Block: Shield            |       |       |       |   265 |   842 ||  1107
